 Dungeon Crawl Stone Soup version 0.29-a0-520-gc852659d43 (webtiles) character file.

Game seed: 12622901172591280247

5782 DocClef the Covert (level 10, -7/123 HPs)
             Began as a Gnoll Delver on May 31, 2022.
             Was an Elder of Okawaru.
             Mangled by a wolf spider (12 damage)
             ... on level 1 of the Lair of Beasts.
             The game lasted 00:17:29 (9447 turns).

DocClef the Covert (Gnoll Delver)                   Turns: 9447, Time: 00:17:29

Health: -7/123     AC: 14    Str: 15    XL:     10   Next: 78%
Magic:  16/18      EV: 20    Int: 10    God:    Okawaru [****..]
Gold:   697        SH:  5    Dex: 14    Spells: 20/20 levels left

rFire   + . .      SeeInvis .   m - +7 whip "Pump" {vorpal, rElec rPois}
rCold   . . .      Faith    .   (no shield)
rNeg    . . .      Spirit   .   M - +2 ring mail {rF+}
rPois   +          Reflect  +   B - +0 helmet
rElec   +          Harm     .   I - +0 cloak
rCorr   .          Rampage  .   F - +1 pair of gloves
Will    .....                   (no boots)
Stlth   ..........              C - amulet of reflection
HPRegen 0.30/turn               s - +4 ring of evasion
MPRegen 0.16/turn               (no ring)

@: berserking, lethally poisoned (-7 -> -9), heroic, very quick
A: fangs 1, strong nose, distributed training
a: Renounce Religion, Heroism, Finesse


You were on level 1 of the Lair of Beasts.
You worshipped Okawaru.
Okawaru was greatly pleased with you.
You visited 3 branches of the dungeon, and saw 10 of its levels.
You also visited: Ossuary.

You collected 697 gold pieces.

Inventory:

Hand Weapons
 a - a +0 short sword
 m - the +7 whip "Pump" (weapon) {vorpal, rElec rPois}
   (You found it on level 4 of the Dungeon)

   It inflicts extra damage upon your enemies.
   rElec:     It insulates you from electricity.
   rPois:     It protects you from poison.
Missiles
 L - 4 curare-tipped darts
 N - 7 boomerangs (quivered)
 R - a throwing net
Armour
 b - a +0 leather armour
 B - a +0 helmet (worn)
 F - a +1 pair of gloves (worn)
 I - a +0 cloak (worn)
 M - a +2 ring mail of fire resistance (worn)
Jewellery
 e - an amulet of the acrobat
 s - a +4 ring of evasion (left hand)
 C - an amulet of reflection (around neck)
Wands
 g - a wand of digging (3)
 n - a wand of iceblast (8)
 v - a wand of acid (4)
 J - a wand of paralysis (3)
 K - a wand of polymorph (4)
Scrolls
 c - a scroll of fog
 h - 4 scrolls of teleportation
 k - a scroll of enchant weapon {unknown}
 l - 12 scrolls of identify {unknown}
 p - 3 scrolls of poison {unknown}
 q - 3 scrolls of amnesia {unknown}
 w - a scroll of brand weapon {unknown}
 y - 3 scrolls of enchant armour {unknown}
 E - 2 scrolls of blinking {unknown}
 G - a scroll of immolation {unknown}
 H - a scroll of noise {unknown}
 P - a scroll of magic mapping
 S - a scroll of summoning {unknown}
Potions
 f - a potion of haste
 i - 7 potions of heal wounds {unknown}
 j - 4 potions of lignification {unknown}
 o - 2 potions of degeneration {unknown}
 r - 2 potions of magic {unknown}
 t - a potion of cancellation {unknown}
 u - 7 potions of curing {unknown}
 x - 2 potions of mutation {unknown}
 z - a potion of brilliance {unknown}
 A - 2 potions of ambrosia {unknown}
 D - 6 potions of might {unknown}
 O - a potion of resistance {unknown}
 Q - 2 potions of attraction {unknown}


   Skills:
 + Level 8.7(13.7) Fighting
 + Level 7.3(12.3) Short Blades
 + Level 5.6(10.6) Long Blades
 + Level 5.6(10.6) Axes
 + Level 5.6(10.6) Maces & Flails
 + Level 5.6(10.6) Polearms
 + Level 5.6(10.6) Staves
 + Level 5.6(10.6) Slings
 + Level 5.6(10.6) Bows
 + Level 5.6(10.6) Crossbows
 + Level 5.6(10.6) Throwing
 + Level 5.6(10.6) Armour
 + Level 7.3(12.3) Dodging
 + Level 11.1(16.1) Stealth
 + Level 5.6(10.6) Shields
 + Level 5.6(10.6) Unarmed Combat
 + Level 5.6 Spellcasting
 + Level 4.6 Conjurations
 + Level 4.6 Hexes
 + Level 4.6 Summonings
 + Level 4.6 Necromancy
 + Level 4.6 Translocations
 + Level 4.6 Transmutations
 + Level 4.6 Fire Magic
 + Level 4.6 Ice Magic
 + Level 4.6 Air Magic
 + Level 4.6 Earth Magic
 + Level 4.6 Poison Magic
 + Level 6.1 Invocations
 + Level 5.6 Evocations


You had 20 spell levels left.
You didn't know any spells.
Your spell library contained the following spells:

 Spells                   Type           Power      Damage    Failure   Level
 Beastly Appendage        Tmut           24%        N/A       5%          1
 Foxfire                  Conj/Fire      48%        2x1d6     5%          1
 Sublimation of Blood     Necr           12%        N/A       9%          2
 Wereblood                Tmut           12%        N/A       9%          2
 Conjure Flame            Conj/Fire      12%        6-21      16%         3
 Inner Flame              Hex/Fire       12%        N/A       16%         3
 Ozocubu's Armour         Ice            12%        N/A       16%         3
 Spider Form              Tmut/Pois      12%        N/A       16%         3
 Flame Wave               Conj/Fire      12%        2d6       47%         4
 Petrify                  Tmut/Erth      12%        N/A       47%         4
 Irradiate                Conj/Tmut      6%         3d15      83%         5
 Metabolic Englaciation   Hex/Ice        6%         N/A       83%         5
 Simulacrum               Ice/Necr       Unusable   N/A       N/A         6

Dungeon Overview and Level Annotations

Branches:
Dungeon (8/15)             Temple (1/1) D:4            Lair (1/6) D:8
Ossuary (visited)

Altars:
Ashenzari
Cheibriados
Dithmenos
Elyvilon
Fedhas
Gozag
Hepliaklqana
Kikubaaqudgha
Makhleb
Nemelex Xobeh
Okawaru
Qazlal
Ru
Sif Muna
Trog
Uskayaw
Vehumet
Wu Jian
Xom
Yredelemnul
The Shining One

Shops:
D:2 (


Innate Abilities, Weirdness & Mutations

You have very sharp teeth.
Your uncanny sense of smell can sniff out nearby items.
Your experience applies equally to all skills.


Message History

* * * LOW HITPOINT WARNING * * *
The wolf spider bites you but does no damage.
You whack the wolf spider!
You bite the wolf spider, but do no damage.
The wolf spider is severely wounded.
You feel sick. The wolf spider barely misses you.
The wolf spider bites you but does no damage.
You whack the wolf spider! You punch the wolf spider.
You bite the wolf spider, but do no damage.
The wolf spider is severely wounded.
You feel sick. The wolf spider completely misses you.
The wolf spider closely misses you.
You closely miss the wolf spider.
The wolf spider is severely wounded.
You feel sick. The wolf spider hits you.
* * * LOW HITPOINT WARNING * * *
The wolf spider bites you.
* * * LOW HITPOINT WARNING * * *
You hit the wolf spider.
The wolf spider is almost dead.
You barely miss the wolf spider. Your bite misses the wolf spider.
The wolf spider is almost dead.
You feel sick. The wolf spider hits you.
* * * LOW HITPOINT WARNING * * *
The wolf spider bites you.
* * * LOW HITPOINT WARNING * * *
You hear a loud, deep croak!
You hit the wolf spider.
The wolf spider is almost dead.
* * * LOW HITPOINT WARNING * * *
You feel sick.
You hear an angry hiss.
You hear a croak. x2
The wolf spider barely misses you.
The wolf spider bites you but does no damage.
You are too injured to fight recklessly!
It was a potion of berserk rage.
A red film seems to cover your vision as you go berserk!
You feel yourself moving faster!
You feel mighty!
You feel sick. The wolf spider hits you!
You die... ∆ ### ##.## ######...### P ##.##.#.....# P. #...s#......# PP$

#....@..P...# ..s
#..........## PP
#.#P#....†.####
P.#.######......#
PP..# ##.....##
........##
##......#
####.####
#P......# ##
####....###
#.......#


You could see a wolf spider.

Vanquished Creatures
  Sonja (Lair:1)
  A wolf spider (Lair:1)
  Joseph (D:7)
  2 cane toads (Lair:1)
  3 meliai (D:8)
  A blink frog (Lair:1)
  Menkaure (D:6)
  3 water moccasins
  A black bear (D:6)
  An ice beast (D:6)
  4 sky beasts
  2 ogres
  A centaur (D:7)
  2 kobold brigands (D:8)
  5 bullfrogs
  A necrophage (D:8)
  2 scorpions
  5 wights
  2 howler monkeys (D:8)
  3 hounds
  4 jellies
  2 orc priests (D:5)
  Terence (D:2)
  4 iguanas (D:5)
  8 orc wizards
  8 mummies (Ossuary)
  Robin (D:2)
  9 adders
  A shadow imp (D:5)
  3 white imps
  A worm (D:2)
  A dart slug (D:1)
  12 orcs
  6 ball pythons
  6 bats
  6 endoplasms
  3 giant cockroaches
  15 goblins
  14 hobgoblins
  6 jackals
  16 kobolds
  4 quokkas
  3 frilled lizards
  2 hobgoblin zombies (Ossuary)
  3 kobold zombies (Ossuary)
  3 orc zombies (Ossuary)
  7 rats
191 creatures vanquished.

Vanquished Creatures (others)
  A kobold (D:8)
  A bush (Lair:1)
  22 fungi (Lair:1)
  69 plants (Lair:1)
93 creatures vanquished.

Grand Total: 284 creatures vanquished

Notes
Turn   | Place    | Note
-------+----------+-------------------------------------------
     0 | D:5      | Reached skill level 9 in Stealth
     0 | D:5      | DocClef the Gnoll Delver began the quest for the Orb.
     0 | D:5      | Reached XP level 1. HP: 23/23 MP: 1/1
     8 | D:5      | Noticed an orc priest
    11 | D:5      | Noticed an ogre
    13 | D:5      | Noticed an iguana
    14 | D:5      | Killed an orc priest
    15 | D:5      | Reached XP level 2. HP: 29/29 MP: 1/3
    15 | D:5      | Reached XP level 3. HP: 35/35 MP: 1/4
    37 | D:4      | Reached skill level 1 in Invocations
   306 | D:4      | Reached skill level 1 in Long Blades
   306 | D:4      | Reached skill level 1 in Axes
   306 | D:4      | Reached skill level 1 in Maces & Flails
   306 | D:4      | Reached skill level 1 in Polearms
   306 | D:4      | Reached skill level 1 in Staves
   306 | D:4      | Reached skill level 1 in Slings
   306 | D:4      | Reached skill level 1 in Bows
   306 | D:4      | Reached skill level 1 in Crossbows
   306 | D:4      | Reached skill level 1 in Throwing
   306 | D:4      | Reached skill level 1 in Armour
   306 | D:4      | Reached skill level 1 in Shields
   306 | D:4      | Reached skill level 1 in Unarmed Combat
   306 | D:4      | Reached skill level 1 in Spellcasting
   306 | D:4      | Reached skill level 1 in Evocations
   306 | D:4      | Reached XP level 4. HP: 41/41 MP: 5/5
   424 | D:4      | Identified the +7 whip "Pump" {vorpal, rElec rPois}
   465 | D:4      | Reached skill level 1 in Conjurations
   465 | D:4      | Reached skill level 1 in Hexes
   465 | D:4      | Reached skill level 1 in Summonings
   465 | D:4      | Reached skill level 1 in Necromancy
   465 | D:4      | Reached skill level 1 in Translocations
   465 | D:4      | Reached skill level 1 in Transmutations
   465 | D:4      | Reached skill level 1 in Fire Magic
   465 | D:4      | Reached skill level 1 in Ice Magic
   465 | D:4      | Reached skill level 1 in Air Magic
   465 | D:4      | Reached skill level 1 in Earth Magic
   465 | D:4      | Reached skill level 1 in Poison Magic
   527 | D:4      | Found a staircase to the Ecumenical Temple.
   541 | D:4      | Reached XP level 5. HP: 37/47 MP: 5/7
   543 | Temple   | Entered the Ecumenical Temple
   677 | Temple   | Became a worshipper of Warmaster Okawaru
   981 | D:4      | Found an ancient bone altar of Kikubaaqudgha.
  1727 | D:2      | Found a broken altar of Ashenzari.
  2064 | D:2      | Noticed Robin
  2085 | D:2      | Killed Robin
  2086 | D:2      | Reached XP level 6. HP: 17/53 MP: 8/8
  2301 | D:2      | Found Meap's Weapon Emporium.
  2576 | D:2      | Noticed Terence
  2590 | D:2      | Killed Terence
  2871 | D:2      | Reached skill level 5 in Short Blades
  2871 | D:2      | Reached skill level 5 in Dodging
  3026 | D:2      | Found a faded altar of an unknown god.
  3638 | D:5      | Found a stormy altar of Qazlal.
  3853 | D:5      | Found a broken altar of Ashenzari.
  3862 | D:5      | Found a radiant altar of Vehumet.
  3889 | D:5      | Reached XP level 7. HP: 59/59 MP: 10/10
  4288 | D:5      | Found a basalt altar of Yredelemnul.
  4423 | D:5      | Reached * piety under Okawaru
  4472 | D:5      | Found a hide-covered altar of Uskayaw.
  4595 | D:5      | Reached skill level 10 in Stealth
  4698 | D:5      | Reached XP level 8. HP: 53/67 MP: 12/12
  4919 | D:6      | Reached ** piety under Okawaru
  4997 | D:6      | Noticed Menkaure
  5118 | D:7      | Found a sand-covered staircase.
  5130 | Ossuary  | Entered an ossuary
  5902 | D:7      | Noticed a boulder beetle
  5948 | D:7      | Reached XP level 9. HP: 68/72 MP: 14/14
  6330 | D:6      | Killed Menkaure
  6780 | D:7      | Noticed Joseph
  6804 | D:7      | Killed Joseph
  6804 | D:7      | Reached *** piety under Okawaru
  7129 | D:7      | Found a shimmering altar of Xom.
  7167 | D:7      | Found a sparkling altar of Nemelex Xobeh.
  7495 | D:8      | Reached skill level 5 in Invocations
  7536 | D:8      | Received a gift from Okawaru
  7546 | D:8      | Noticed a meliai
  7547 | D:8      | Noticed a meliai
  7547 | D:8      | Noticed a meliai
  7556 | D:8      | Killed a meliai
  7556 | D:8      | Killed a meliai
  7557 | D:8      | Reached XP level 10. HP: 38/80 MP: 14/17
  7789 | D:8      | Reached skill level 5 in Long Blades
  7789 | D:8      | Reached skill level 5 in Axes
  7789 | D:8      | Reached skill level 5 in Maces & Flails
  7789 | D:8      | Reached skill level 5 in Polearms
  7789 | D:8      | Reached skill level 5 in Staves
  7789 | D:8      | Reached skill level 5 in Slings
  7789 | D:8      | Reached skill level 5 in Bows
  7789 | D:8      | Reached skill level 5 in Crossbows
  7789 | D:8      | Reached skill level 5 in Throwing
  7789 | D:8      | Reached skill level 5 in Armour
  7789 | D:8      | Reached skill level 5 in Shields
  7789 | D:8      | Reached skill level 5 in Unarmed Combat
  7789 | D:8      | Reached skill level 5 in Spellcasting
  7789 | D:8      | Reached skill level 5 in Evocations
  8319 | D:8      | Found a staircase to the Lair.
  8438 | Lair:1   | Entered Level 1 of the Lair of Beasts
  8441 | Lair:1   | Noticed a cane toad
  8453 | Lair:1   | Killed a cane toad
  8453 | Lair:1   | Reached **** piety under Okawaru
  8463 | Lair:1   | Noticed Sonja
  8716 | Lair:1   | Killed Sonja
  8717 | Lair:1   | Reached skill level 11 in Stealth
  9061 | Lair:1   | Noticed a cane toad
  9075 | Lair:1   | Killed a cane toad
  9293 | Lair:1   | Noticed a wolf spider
  9396 | Lair:1   | Killed a wolf spider
  9429 | Lair:1   | Noticed a wolf spider
  9446 | Lair:1   | HP: 4/82 [poisoned by a wolf spider]
  9447 | Lair:1   | Mangled by a wolf spider

Illustrated notes

Levels and vault maps discovered:
D:1:      lordsloth_arrival_two_stooges, layout_rooms
D:2:      cheibrodos_greedy_goblins, layout_basic,
          chequers_ecumenical_altar_twisty, serial_shops, shop, basic_altar,
          uniq_terence, uniq_robin
D:3:      layout_rooms
D:4:      minmay_wonky_spiral, layout_loops_ring, mainiacjoe_overflow_alcove_2,
          minmay_temple_entry_antechambers
D:5:      layout_loops_cross, nicolae_qazlal_scattered_showers,
          yredelemnul_altar_generic, mainiacjoe_overflow_catch_the_wave,
          nicolae_uskayaw_suspiria, serial_rivers,
          chequers_serial_rivers_small_a, chequers_serial_rivers_room_b,
          chequers_serial_rivers_micro_a, chequers_serial_rivers_micro_c,
          chequers_serial_rivers_micro_b, chequers_serial_rivers_small_b
D:6:      minmay_flawed_box, layout_cave_pools, uniq_menkaure
D:7:      layout_basic, nicolae_overflow_squiral, nicolae_ossuary_entry_ruins,
          uniq_joseph
D:8:      layout_loops_ring, lair_entry_dummy
Temple:   cyrus_circular_temple
Lair:1:   minmay_lair_venomous_thicket, layout_misc_corridors,
          serial_bayou_shore_a, uniq_sonja

Skill      XL: |  1  2  3  4  5  6  7  8  9 10 |
---------------+-------------------------------+-----
Stealth        | 10 11 | 11.1
Invocations    | 1 2 3 4 5 6 |  6.1
Long Blades    | 1 2 3 4 5 |  5.6
Axes           | 1 2 3 4 5 |  5.6
Maces & Flails | 1 2 3 4 5 |  5.6
Polearms       | 1 2 3 4 5 |  5.6
Staves         | 1 2 3 4 5 |  5.6
Slings         | 1 2 3 4 5 |  5.6
Bows           | 1 2 3 4 5 |  5.6
Crossbows      | 1 2 3 4 5 |  5.6
Throwing       | 1 2 3 4 5 |  5.6
Armour         | 1 2 3 4 5 |  5.6
Shields        | 1 2 3 4 5 |  5.6
Unarmed Combat | 1 2 3 4 5 |  5.6
Spellcasting   | 1 2 3 4 5 |  5.6
Evocations     | 1 2 3 4 5 |  5.6
Conjurations   | 1 2 3 4 |  4.6
Hexes          | 1 2 3 4 |  4.6
Summonings     | 1 2 3 4 |  4.6
Necromancy     | 1 2 3 4 |  4.6
Translocations | 1 2 3 4 |  4.6
Transmutations | 1 2 3 4 |  4.6
Fire Magic     | 1 2 3 4 |  4.6
Ice Magic      | 1 2 3 4 |  4.6
Air Magic      | 1 2 3 4 |  4.6
Earth Magic    | 1 2 3 4 |  4.6
Poison Magic   | 1 2 3 4 |  4.6
Short Blades   | 5 6 7 |  7.3
Dodging        | 5 6 7 |  7.3
Fighting       | 7 8 |  8.7

Action                   |  1- 3 |  4- 6 |  7- 9 | 10-12 || total
-------------------------+-------+-------+-------+-------++-------
Melee: Short sword       |    19 |     1 |       |       ||    20
       Whip              |       |   194 |   281 |   106 ||   581
       Bite              |       |    15 |    38 |    14 ||    67
       Punch             |       |     1 |     5 |     8 ||    14
Throw: Boomerang         |       |       |       |     6 ||     6
       Throwing net      |       |       |       |     1 ||     1
Invok: Heroism           |       |       |     2 |     3 ||     5
       Finesse           |       |       |       |     1 ||     1
Evoke: Wand              |       |       |     5 |       ||     5
  Use: Scroll            |       |       |     4 |       ||     4
       Potion            |       |       |       |     1 ||     1
 Stab: Sleeping          |     9 |    21 |    12 |     2 ||    44
Armor: Leather armour    |     1 |    38 |    43 |       ||    82
       Ring mail         |       |       |    11 |    37 ||    48
Dodge: Dodged            |     4 |   161 |   166 |    90 ||   421
Block: Other             |       |     7 |    36 |    31 ||    74
       Reflection        |       |       |       |     3 ||     3

Table legend: (Time is in decaauts)
 A = Elapsed time spent in this place.
 B = Non-inter-level travel time spent in this place.
 C = Inter-level travel time spent in this place.
 D = Time resting spent in this place.
 E = Time spent auto-exploring this place.
 F = Levels seen in this place.
 G = Mean time per level.
                   A        B        C        D        E       F      G
               +--------+--------+--------+--------+--------+-----+--------+
         Total |   9403 |   9061 |    342 |   1897 |   5289 |  11 |  854.8 |
       Dungeon |   7829 |   7519 |    310 |   1231 |   4782 |   8 |  978.6 |
        Temple |    150 |    118 |     32 |      0 |    105 |   1 |  150.0 |
          Lair |    989 |    989 |      0 |    482 |    306 |   1 |  989.0 |
       Ossuary |    434 |    434 |      0 |    184 |     96 |   1 |  434.0 |
               +--------+--------+--------+--------+--------+-----+--------+

Top non-repeatable levels by time:
     D:2: 1402 daAuts
     D:7: 1270 daAuts
     D:5: 1154 daAuts
     D:6: 1008 daAuts
  Lair:1: 989 daAuts
     D:8: 944 daAuts
     D:4: 942 daAuts
     D:3: 650 daAuts
     D:1: 456 daAuts
 Ossuary: 434 daAuts
  Temple: 150 daAuts
